 Dungeon Crawl Stone Soup version 0.31.0-32-g396128a36d (webtiles) character file.

Game seed: 17663408174148219662

287 PaiMei the Grave Robber (level 6, -1/46 HPs)
             Began as a Demonspawn Necromancer on Mar 26, 2024.
             Succumbed to an adder's poison
             ... on level 3 of the Dungeon.
             The game lasted 00:03:56 (3544 turns).

PaiMei the Grave Robber (Demonspawn Necromancer)    Turns: 3544, Time: 00:03:57

Health: -1/46      AC:  4    Str:  8    XL:     6   Next: 8%
Magic:  0/11       EV: 13    Int: 18    God:
Gold:   246        SH:  0    Dex: 13    Spells: 7/11 levels left

rFire   . . .        c - +0 spear
rCold   . . .        (no shield)
rNeg    . . .        a - +0 robe
rPois   .            (helmet restricted)
rElec   .            (no cloak)
rCorr   .            (no gloves)
SInv    +            (no boots)
Will    .....        (no amulet)
Stlth   ++           n - ring of see invisible
HPRegen 0.27/turn    (no ring)
MPRegen 0.12/turn

%: no passive effects
@: lethally poisoned (-1 -> -5)
A: horns 2, molten scales 1, demonic magic 1
a: no special abilities


You were on level 3 of the Dungeon.
You visited 1 branch of the dungeon, and saw 4 of its levels.

You collected 246 gold pieces.

Inventory:

Hand Weapons
 c - a +0 spear (weapon)
Missiles
 l - 2 poisoned darts (quivered)
Armour
 a - a +0 robe (worn)
 j - a +0 kite shield
 t - an orb of mayhem
Jewellery
 n - a ring of see invisible (left hand)
Scrolls
 d - 2 scrolls of brand weapon {unknown}
 f - a scroll of acquirement {unknown}
 h - 2 scrolls of fog {unknown}
 k - 2 scrolls of teleportation {unknown}
 m - 3 scrolls of revelation {unknown}
 p - a scroll of blinking {unknown}
 r - a scroll of identify {unknown}
 s - a scroll of amnesia {unknown}
Potions
 b - a potion of magic
 e - 4 potions of curing {unknown}
 g - 3 potions of heal wounds {unknown}
 i - a potion of invisibility {unknown}
 o - a potion of brilliance {unknown}
 q - a potion of degeneration {unknown}


   Skills:
 + Level 2.5 Fighting
 + Level 3.2 Dodging
 - Level 2.0 Stealth
 + Level 3.3 Spellcasting
 + Level 5.5 Necromancy


You had 7 spell levels left.
You knew the following spells:

 Your Spells              Type           Power      Damage    Failure   Level
a - Necrotise             Necr           92%        1d8       1%          1
b - Vampiric Draining     Necr           23%        2d7       4%          3

Your spell library contained the following spells:

 Spells                   Type           Power      Damage    Failure   Level
 Animate Dead             Necr           23%        N/A       16%         4
 Mercury Vapours          Alch/Air       6%         N/A       24%         2
 Curse of Agony           Necr           23%        N/A       41%         5
 Inner Flame              Hex/Fire       3%         N/A       43%         3
 Mephitic Cloud           Conj/Alch/Air  3%         N/A       43%         3
 Flame Wave               Conj/Fire      3%         2d5       83%         4
 Sticky Flame             Fire/Alch      3%         2d4       83%         4
 Freezing Cloud           Conj/Ice/Air   1%         6-21      99%         5


Dungeon Overview and Level Annotations

Branches:
Dungeon (4/15)
 Temple: D:4-7

Altars:
Gozag
Qazlal


Innate Abilities, Weirdness & Mutations

You have a pair of horns on your head.
You are partially covered in molten scales. (AC +2)
Spells you cast may paralyse adjacent enemies.


Message History

Aiming: Necrotise (safe; 1% risk of failure)
Press: ? - help, Shift-Dir - straight line, f - Eustachio
Aim: Eustachio, wielding a +0 rapier and wearing a +0 leather armour (heavily wounded, chance to affect: 80%) Eustachio writhes in agony.
Eustachio closely misses you.
Casting: Necrotise (safe; 1% risk of failure)
Confirm with . or Enter, or press ? or * to list all spells.
Aiming: Necrotise (safe; 1% risk of failure)
Press: ? - help, Shift-Dir - straight line, f/p - Eustachio
Aim: Eustachio, wielding a +0 rapier and wearing a +0 leather armour (severely wounded, chance to affect: 80%) Eustachio writhes in agony.
Eustachio hits you with a +0 rapier.
* * * LOW HITPOINT WARNING * * *
You hit Eustachio.
Eustachio is severely wounded.
Eustachio hits you with a +0 rapier.
* * * LOW HITPOINT WARNING * * *
Casting: Necrotise (safe; 1% risk of failure)
Confirm with . or Enter, or press ? or * to list all spells.
Aiming: Necrotise (safe; 1% risk of failure)
Press: ? - help, Shift-Dir - straight line, f/p - Eustachio
Aim: Eustachio, wielding a +0 rapier and wearing a +0 leather armour (severely wounded, chance to affect: 80%) Eustachio writhes in agony!
Eustachio hits you with a +0 rapier.
* * * LOW HITPOINT WARNING * * *
You hit Eustachio.
You kill Eustachio!
Your Fighting skill increases to level 2!
Your Dodging skill increases to level 3!
You have reached level 6!
Your demonic ancestry asserts itself...
A menacing aura infuses your magic.
You hit the adder.
The adder is moderately wounded.
The adder bites you.
* * * LOW HITPOINT WARNING * * *
You are lethally poisoned!
The adder poisons you! The adder completely misses you.
Unknown command.
Unknown command.
You barely miss the adder.
The adder is moderately wounded.
You die...

#...........'..............
#...........#..............
##############........<.###
##.#..........#
##..#..........# #
#..########..### # #.##
##.# ## #.# #.# #. #@#
##.####. #S# #.......
#######.##### #...####
##....>#.....## #...####
##.)...........####.......
#...........).........####
#...............#######
#...............#
#...............#


You could see an adder.

Vanquished Creatures
  Eustachio (D:3)
  Natasha (twice) (D:3)
  A dart slug (D:1)
  2 ribbon worms (D:2)
  An orc (D:3)
  4 ball pythons
  4 bats (D:1)
  2 endoplasms
  2 giant cockroaches (D:1)
  5 goblins
  6 hobgoblins
  4 jackals (D:2)
  3 kobolds
  2 quokkas
  6 frilled lizards
  5 rats
50 creatures vanquished.

Vanquished Creatures (collateral kills)
  Natasha (D:3)
  An adder (D:3)
  An endoplasm (D:3)
  A giant cockroach (D:1)
  A frilled lizard (D:1)
5 creatures vanquished.

Grand Total: 55 creatures vanquished

Notes
Turn   | Place    | Note
-------+----------+-------------------------------------------
     0 | D:1      | PaiMei the Demonspawn Necromancer began the quest for the
                  | Orb.
     0 | D:1      | Reached XP level 1. HP: 13/13 MP: 3/3
   145 | D:1      | Found a faded altar of an unknown god.
   297 | D:1      | Gained mutation: You have a pair of small horns on your
                  | head. [demonic ancestry]
   297 | D:1      | Reached XP level 2. HP: 17/19 MP: 1/5
  1276 | D:1      | Gained mutation: You have a pair of horns on your head.
                  | [demonic ancestry]
  1276 | D:1      | Reached XP level 3. HP: 25/25 MP: 3/6
  1280 | D:1      | Learned a level 3 spell: Vampiric Draining
  2011 | D:2      | Reached skill level 1 in Fighting
  2703 | D:3      | Noticed Natasha
  2706 | D:3      | Killed Natasha
  2707 | D:3      | Gained mutation: You are partially covered in molten
                  | scales. (AC +2) [demonic ancestry]
  2707 | D:3      | Reached XP level 4. HP: 25/32 MP: 3/8
  2758 | D:3      | Found an opulent altar of Gozag.
  2770 | D:3      | Noticed a phantom
  2937 | D:3      | Reached skill level 5 in Necromancy
  2972 | D:3      | Noticed Natasha
  2987 | D:3      | Killed Natasha
  3077 | D:3      | Noticed Natasha
  3083 | D:3      | Killed Natasha
  3084 | D:3      | Reached XP level 5. HP: 32/38 MP: 3/9
  3505 | D:4      | Found a stormy altar of Qazlal.
  3512 | D:4      | Noticed Eustachio
  3542 | D:3      | Killed Eustachio
  3543 | D:3      | Gained mutation: Spells you cast may paralyse adjacent
                  | enemies. [demonic ancestry]
  3543 | D:3      | Reached XP level 6. HP: 3/46 MP: 0/11
  3543 | D:3      | HP: 1/46 [adder (2)]
  3544 | D:3      | Succumbed to an adder's poison

Illustrated notes

Levels and vault maps discovered:
D:1:      saegor_arrival_simple_d, layout_basic,
          hellmonk_ecumenical_altar_heavens_door
D:2:      layout_loops_ring
D:3:      layout_rooms, grunt_gozag_statues, kennysheep_small_spiral,
          uniq_natasha
D:4:      layout_rooms, grunt_qazlal_clouds, gammafunk_ghost_split,
          uniq_eustachio, uniq_grinder

Skill      XL: |  1  2  3  4  5 |
---------------+----------------+-----
Stealth        | 2 |  2.0
Dodging        | 2 3 |  3.2
Fighting       | 1 2 |  2.5
Necromancy     | 5 |  5.5
Spellcasting   | 3 |  3.3

Action                     |  1- 3 |  4- 6 || total
---------------------------+-------+-------++-------
  Melee: Spear             |    13 |    10 ||    23
         Headbutt          |     1 |       ||     1
   Cast: Necrotise         |    88 |    32 ||   120
         Vampiric Draining |       |     2 ||     2
 Armour: Robe              |    23 |    23 ||    46
  Dodge: Dodged            |    23 |    17 ||    40
